 Dungeon Crawl Stone Soup version 0.30-a0-339-g89bb51ec76 (webtiles) character file.

Game seed: 2485076942546745617

227 retardedninja the Trooper (level 6, -12/56 HPs)
             Began as a Hill Orc Fighter on Oct 31, 2022.
             Mangled by an orc
             ... wielding a +0 hand axe of electrocution
              (16 damage)
             ... on level 4 of the Dungeon.
             The game lasted 00:05:42 (2283 turns).

retardedninja the Trooper (Hill Orc Fighter)        Turns: 2283, Time: 00:05:42

Health: -12/56     AC: 13    Str: 21    XL:     6   Next: 2%
Magic:  6/6        EV:  5    Int:  8    God:
Gold:   156        SH:  4    Dex: 10    Spells: 5/5 levels left

rFire   . . .      SeeInvis .    a - +0 war axe
rCold   . . .      Faith    .    c - +0 buckler
rNeg    . . .      Spirit   .    m - +0 plate armour
rPois   .          Reflect  .    e - +0 helmet
rElec   .          Harm     .    (no cloak)
rCorr   .          Rampage  .    (no gloves)
Will    .....                    (no boots)
Stlth   ..........               (no amulet)
HPRegen 0.29/turn                (no ring)
MPRegen 0.10/turn                (no ring)

@: about to teleport
A: no striking features
a: no special abilities


You were on level 4 of the Dungeon.
You visited 1 branch of the dungeon, and saw 4 of its levels.

You collected 156 gold pieces.

Inventory:

Hand Weapons
 a - a +0 war axe (weapon)
Armour
 c - a +0 buckler (worn)
 e - a +0 helmet (worn)
 m - a +0 plate armour (worn)
Wands
 d - a wand of roots (9)
 n - a wand of charming (7) (quivered)
Scrolls
 b - a scroll of butterflies
Potions
 h - a potion of brilliance


   Skills:
 + Level 5.0 Fighting
 + Level 4.5 Axes
 + Level 4.5 Armour
 + Level 4.5 Shields


You had 5 spell levels left.
You didn't know any spells.
Your spell library was empty.

Dungeon Overview and Level Annotations

Branches:
Dungeon (4/15)
 Temple: D:4-7

Altars:


Message History

The kobold throws a stone.
The stone hits you but does no damage.
You hit the orc.
The orc is severely wounded.
The orc hits you but does no damage.
The kobold throws a stone.
The stone hits you but does no damage.
You slash the orc!
You kill the orc!
The kobold throws a stone.
The stone barely misses you.
The kobold throws a stone.
The stone hits you but does no damage.
Found 6 gold pieces.
The orc hits you but does no damage. x2
The orc barely misses you. The gnoll hits you but does no damage.
Items here: )) ? †.
You barely miss the orc. You closely miss the orc.
You hit the orc but do no damage. The orc hits you but does no damage.
The orc hits you with a +0 hand axe of electrocution.
The gnoll hits you but does no damage. You block the orc's attack.
You closely miss the orc.
You hit the orc. x2; You barely miss the kobold.
The orc hits you but does no damage. x2; You are electrocuted!
* * * LOW HITPOINT WARNING * * *
The gnoll hits you from afar with a +0 spear.
* * * LOW HITPOINT WARNING * * *
The orc hits you but does no damage. The kobold hits you but does no damage.
You block the orc's attack. The orc hits you but does no damage.
The orc hits you with a +0 club.
* * * LOW HITPOINT WARNING * * *
The kobold barely misses you. The gnoll completely misses you.
Unknown command.
Unknown command.
Okay, then.
As you read the scroll of teleportation, it crumbles to dust.
You feel strangely unstable. The orc hits you with a +0 dagger.
* * * LOW HITPOINT WARNING * * *
The orc completely misses you. The orc barely misses you.
The kobold completely misses you. You block the gnoll's attack.
Unknown command.
You barely miss the orc.
The orc is severely wounded.
You hit the orc. You closely miss the orc. You closely miss the kobold.
The orc hits you but does no damage. x2; You are electrocuted!
You die...

.. .# . ##.#
.#. #.. ....
#.##.... ###
##.#...#.
.....##........
#....Ko#
#.####@#
#oog....#
###.#.... ...
.# .## $# #


You could see a gnoll, 3 orcs and a kobold.

Vanquished Creatures
  A hound (D:3)
  A gnoll bouda (D:4)
  An orc priest (D:3)
  Ijyb (D:3)
  Terence (D:3)
  A gnoll (D:4)
  An adder (D:3)
  A dart slug (D:2)
  11 orcs
  3 ball pythons
  7 endoplasms
  A giant cockroach (D:3)
  3 goblins
  4 hobgoblins
  5 jackals (D:3)
  A quokka (D:2)
  7 bats
  5 kobolds
  7 rats
62 creatures vanquished.

Vanquished Creatures (others)
  A gnoll (D:4)
  11 demonic plants (D:3)
  A fungus (D:3)
  3 plants (D:3)
  3 withered plants (D:3)
19 creatures vanquished.

Grand Total: 81 creatures vanquished

Notes
Turn   | Place    | Note
-------+----------+-------------------------------------------
     0 | D:1      | retardedninja the Hill Orc Fighter began the quest for the
                  | Orb.
     0 | D:1      | Reached XP level 1. HP: 19/19 MP: 1/1
   318 | D:1      | Reached XP level 2. HP: 25/27 MP: 2/2
  1196 | D:2      | Reached skill level 4 in Fighting
  1236 | D:2      | Reached XP level 3. HP: 33/33 MP: 3/3
  1523 | D:3      | Noticed Terence
  1530 | D:3      | Killed Terence
  1542 | D:3      | Reached XP level 4. HP: 37/40 MP: 4/4
  1615 | D:3      | Noticed Ijyb
  1629 | D:3      | Killed Ijyb
  1630 | D:3      | Reached XP level 5. HP: 31/47 MP: 5/5
  1808 | D:3      | Found a faded altar of an unknown god.
  2260 | D:4      | Reached skill level 5 in Fighting
  2260 | D:4      | Reached XP level 6. HP: 32/56 MP: 6/6
  2283 | D:4      | Mangled by an orc

Illustrated notes

Levels and vault maps discovered:
D:1:      giann_forest_graveyard, layout_loops_ring
D:2:      layout_loops_ring, minivault_19, roderic_serpentine_path
D:3:      layout_basic, shapermc_ecumenical_altar_gd, st_stairs_3, uniq_ijyb,
          uniq_terence
D:4:      kennysheep_six_static_rooms, layout_loops_ring, zin_academy,
          hangedman_decor_clover_reticule, uniq_pikel

Skill      XL: |  1  2  3  4  5 |
---------------+----------------+-----
Axes           | 3 4 |  4.5
Fighting       | 4 5 |  5.0
Armour         | 4 |  4.5
Shields        | 4 |  4.5

Action                   |  1- 3 |  4- 6 || total
-------------------------+-------+-------++-------
Melee: War axe           |    57 |    96 ||   153
Evoke: Wand              |       |     2 ||     2
  Use: Scroll            |     5 |     5 ||    10
       Potion            |     1 |     4 ||     5
Armor: Scale mail        |    12 |       ||    12
       Plate armour      |    20 |    81 ||   101
       Skin              |       |    33 ||    33
Dodge: Dodged            |    26 |    34 ||    60
Block: Buckler           |    10 |    23 ||    33

Table legend: (Time is in decaauts)
 A = Elapsed time spent in this place.
 B = Non-inter-level travel time spent in this place.
 C = Inter-level travel time spent in this place.
 D = Time resting spent in this place.
 E = Time spent auto-exploring this place.
 F = Levels seen in this place.
 G = Mean time per level.
                   A        B        C        D        E       F      G
               +--------+--------+--------+--------+--------+-----+--------+
         Total |   2336 |   2291 |     45 |     55 |   1841 |   4 |  584.0 |
       Dungeon |   2336 |   2291 |     45 |     55 |   1841 |   4 |  584.0 |
               +--------+--------+--------+--------+--------+-----+--------+

Top non-repeatable levels by time:
     D:1: 784 daAuts
     D:2: 755 daAuts
     D:3: 743 daAuts
     D:4: 53 daAuts
